 Dungeon Crawl Stone Soup version 0.30-a0-596-g0af90f9a20 (webtiles) character file.

Game seed: 17714334279308709219

18 omnomnOMINOUS the Vexing (level 2, 0/19 HPs)
             Began as an Octopode Wanderer on Jan 6, 2023.
             Slain by a jackal (2 damage)
             ... on level 1 of the Dungeon.
             The game lasted 00:01:39 (236 turns).

omnomnOMINOUS the Vexing (Octopode Wanderer)         Turns: 236, Time: 00:01:39

Health: 0/19       AC:  1    Str: 11    XL:     2   Next: 66%
Magic:  3/3        EV: 12    Int: 13    God:
Gold:   33         SH:  4    Dex: 12    Spells: 2/3 levels left

rFire   . . .      SeeInvis .    a - +0 dagger
rCold   . . .      Faith    .    i - +0 buckler
rNeg    . . .      Spirit   .    (helmet restricted)
rPois   .          Reflect  .    (no amulet)
rElec   .          Harm     .    (no ring)
rCorr   .          Rampage  .    (no ring)
Will    .....                    (no ring)
Stlth   +++                      (no ring)
HPRegen 0.23/turn                (no ring)
MPRegen 0.08/turn                (no ring)
                                 (no ring)
                                 (no ring)

@: no status effects
A: almost no armour, amphibious, 8 rings, camouflage 1, gelatinous body 1,
(nimble swimmer 1), tentacles
a: no special abilities


You were on level 1 of the Dungeon.
You visited 1 branch of the dungeon, and saw 1 of its levels.

You collected 33 gold pieces.

Inventory:

Hand Weapons
 a - a +0 dagger (weapon)
 b - a +0 short sword
Missiles
 g - 2 poisoned darts
Armour
 i - a +0 buckler (worn)
Magical Staves
 e - a staff of fire
Scrolls
 d - 3 scrolls of enchant armour {unknown}
 j - a scroll of identify {unknown}
 k - a scroll of silence {unknown}
Potions
 c - a potion of lignification
 f - a potion of might {unknown}
 h - a potion of mutation {unknown}


   Skills:
 + Level 2.1 Fighting
 + Level 0.3 Short Blades
 - Level 2.0 Axes
 + Level 0.5 Dodging
 + Level 1.4 Stealth
 + Level 2.1 Shields
 + Level 1.2 Spellcasting
 + Level 3.1 Hexes


You had 2 spell levels left.
You knew the following spells:

 Your Spells              Type           Power      Damage    Failure   Level
a - Slow                  Hex            32%        N/A       10%         1

Your spell library contained the following spells:

 Spells                   Type           Power      Damage    Failure   Level
 Confusing Touch          Hex            8%         N/A       30%         3
 Leda's Liquefaction      Hex/Erth       2%         N/A       88%         4


Dungeon Overview and Level Annotations

Branches:
Dungeon (1/15)

Altars:

Shops:
D:1 (


Innate Abilities, Weirdness & Mutations

You cannot wear most types of armour.
You are amphibious.
You can wear up to eight rings at the same time.
Your skin changes colour to match your surroundings (Stealth+).
Your rubbery body absorbs attacks. (AC +1, EV +1)
((You are camouflaged when in or above water. (Stealth+)))
You have tentacles for arms and can constrict up to eight enemies at once.


Message History

The ball python bites you. You block the ball python's attack.
A jackal comes into view.
You block the ball python's attack. The ball python closely misses you.
You hear a bark! x2; You hear a shout!
You hit the ball python.
You kill the ball python!
You block the jackal's attack.
You miss the jackal. Your grab misses the jackal. You squeeze the jackal.
The jackal is heavily wounded.
The jackal closely misses you.
You barely miss the jackal. You grab the jackal.
Your squeeze misses the jackal.
The jackal is heavily wounded.
You constrict the jackal. The bat hits you. The bat closely misses you.
The jackal bites you. You block the bat's attack.
You hit the jackal but do no damage. You squeeze the jackal.
You kill the jackal!
The bat barely misses you. The rat attacks as you move away!
The rat closely misses you.
A rat comes into view.
The jackal bites you.
Unknown command.
The bat hits you. The jackal bites you. The jackal attacks as you move away!
The jackal bites you.
* * * LOW HITPOINT WARNING * * *
The jackal barely misses you. The jackal attacks as you move away!
The jackal barely misses you. The jackal attacks as you move away!
The jackal closely misses you. You block the jackal's attack.
The jackal attacks as you move away! The jackal bites you.
* * * LOW HITPOINT WARNING * * *
The jackal barely misses you.
You hit the jackal. Your grab misses the jackal.
The jackal is heavily wounded.
You hit the jackal. Your grab misses the jackal.
The jackal is severely wounded.
The jackal bites you.
* * * LOW HITPOINT WARNING * * *
The jackal bites you.
You die...

...$. ##...#..# K......
....#..# ## ......h r....#
####. ......h
#.#..#######....
...>...###†..............####
.....>....r.....:...# #......
.........###...####..##......
.........####h.....#.........
...........#@h.....###.......
...##.!$.!.........##........
# ##....#..................
?.#####........##.#........)
#...............#.#..#......
.
#######.......[......###.###
#.##### ##.............#
#..## .......
#............#####... .......
##.......#..........##


You could see 2 jackals.

Vanquished Creatures
  4 ball pythons (D:1)
  2 endoplasms (D:1)
  2 giant cockroaches (D:1)
  A goblin (D:1)
  A hobgoblin (D:1)
  2 jackals (D:1)
  A quokka (D:1)
  A kobold (D:1)
  A rat (D:1)
15 creatures vanquished.

Notes
Turn   | Place    | Note
-------+----------+-------------------------------------------
     0 | D:1      | omnomnOMINOUS the Octopode Wanderer began the quest for the
                  | Orb.
     0 | D:1      | omnomnOMINOUS set off with the following items: a +0 hand
                  | axe, a +0 buckler, a potion of lignification; and the
                  | following spell memorised: Slow; and the following spells
                  | available to memorise: Confusing Touch, Leda's
                  | Liquefaction.
     0 | D:1      | Reached XP level 1. HP: 14/14 MP: 2/2
    55 | D:1      | Found Kagiw's Weapon Shoppe.
    71 | D:1      | Reached skill level 1 in Stealth
    71 | D:1      | Reached XP level 2. HP: 18/19 MP: 3/3
   236 | D:1      | Slain by a jackal

Illustrated notes

Levels and vault maps discovered:
D:1:      zaba_arrival_water, layout_rooms, serial_shops,
          nicolae_shop_waterfront

Skill      XL: |  1 |
---------------+----+-----
Stealth        | 1 |  1.4
Fighting       | |  2.1
Short Blades   | |  0.3
Axes           | |  2.0
Dodging        | |  0.5
Shields        | |  2.1
Spellcasting   | |  1.2
Hexes          | |  3.1

Action                   || total
-------------------------++-------
Melee: Dagger            ||    30
       Constrict         ||     8
       Tentacles         ||    10
       Hand axe          ||     2
       Punch             ||     1
 Stab: Sleeping          ||     3
Armor: Skin              ||     2
Dodge: Dodged            ||    25
Block: Buckler           ||     8

Table legend: (Time is in decaauts)
 A = Elapsed time spent in this place.
 B = Non-inter-level travel time spent in this place.
 C = Inter-level travel time spent in this place.
 D = Time resting spent in this place.
 E = Time spent auto-exploring this place.
 F = Levels seen in this place.
 G = Mean time per level.
                   A        B        C        D        E       F      G
               +--------+--------+--------+--------+--------+-----+--------+
         Total |    237 |    237 |      0 |      0 |    112 |   1 |  237.0 |
       Dungeon |    237 |    237 |      0 |      0 |    112 |   1 |  237.0 |
               +--------+--------+--------+--------+--------+-----+--------+

Top non-repeatable levels by time:
     D:1: 237 daAuts
